 Dungeon Crawl Stone Soup version 0.30-a0-339-g89bb51ec76 (webtiles) character file.

Game seed: 8978662473932626855

74 Archison the Ducker (level 4, -19/21 HPs)
             Began as a Spriggan Conjurer on Oct 31, 2022.
             Demolished by an ogre
             ... wielding a +0 giant spiked club
              (29 damage)
             ... on level 5 of the Dungeon.
             The game lasted 00:08:51 (2292 turns).

Archison the Ducker (Spriggan Conjurer)             Turns: 2292, Time: 00:08:51

Health: -19/21     AC:  2    Str:  3    XL:     4   Next: 9%
Magic:  0/10       EV: 17    Int: 21    God:
Gold:   89         SH:  0    Dex: 13    Spells: 6/9 levels left

rFire   x . .      SeeInvis +    i - +0 dagger
rCold   + . .      Faith    .    (no shield)
rNeg    . . .      Spirit   .    a - +0 robe
rPois   .          Reflect  .    (helmet restricted)
rElec   .          Harm     .    (no cloak)
rCorr   .          Rampage  .    (gloves unavailable)
Will    .....                    (boots unavailable)
Stlth   ++........               (no amulet)
HPRegen 0.23/turn                c - ring of ice
MPRegen 0.12/turn                (no ring)

@: very quick
A: very small, no large weapons, unfitting armour, see invisible, speed 3
a: no special abilities


You were on level 5 of the Dungeon.
You visited 1 branch of the dungeon, and saw 5 of its levels.

You collected 89 gold pieces.

Inventory:

Hand Weapons
 i - a +0 dagger (weapon)
Missiles
 l - 18 stones
Armour
 a - a +0 robe (worn)
Jewellery
 c - a ring of ice (left hand)
Scrolls
 e - a scroll of enchant armour {unknown}
 f - a scroll of poison {unknown}
 g - a scroll of identify {unknown}
 h - a scroll of amnesia {unknown}
 j - a scroll of teleportation {unknown}
 m - a scroll of noise {unknown}
Potions
 b - a potion of magic
 d - 2 potions of curing
 k - a potion of invisibility {unknown}
 n - a potion of mutation {unknown}


   Skills:
 + Level 3.8 Dodging
 + Level 3.2 Stealth
 + Level 3.4 Spellcasting
 + Level 3.6 Conjurations


You had 6 spell levels left.
You knew the following spells:

 Your Spells              Type           Power      Damage    Failure   Level
a - Magic Dart            Conj           72%        1d6       2%          1
b - Searing Ray           Conj           36%        2d5       4%          2

Your spell library contained the following spells:

 Spells                   Type           Power      Damage    Failure   Level
 Call Imp                 Summ           3%         N/A       19%         2
 Dazzling Flash           Conj/Hex       22%        N/A       19%         3
 Mephitic Cloud           Conj/Pois/Air  8%         N/A       24%         3
 Gell's Gravitas          Tloc           3%         N/A       36%         3
 Lesser Beckoning         Tloc           6%         N/A       36%         3
 Teleport Other           Tloc           3%         N/A       36%         3
 Fulminant Prism          Conj/Hex       5%         3d7       52%         4
 Iskenderun's Mystic Bla  Conj/Tloc      11%        2d4       52%         4


Dungeon Overview and Level Annotations

Branches:
Dungeon (6/15)
 Temple: D:4-7

Altars:

Shops:
D:5 [


Innate Abilities, Weirdness & Mutations

You are very small and have problems with some larger weapons.
You are too small for most types of armour.
You have supernaturally acute eyesight. (SInv)
You cover ground extremely quickly. (Speed+++)


Message History

Casting: Magic Dart (safe; 2% risk of failure)
Confirm with . or Enter, or press ? or * to list all spells.
Aiming: Magic Dart (safe; 2% risk of failure)
Press: ? - help, Shift-Dir - straight line, f - gnoll, p - ogre
Aim: a gnoll, wielding a +0 whip (wandering, hasn't noticed you, 100% to hit)
The magic dart hits the gnoll.
The gnoll is moderately wounded.
The gnoll hits you with a +0 whip!
Casting: Magic Dart (safe; 2% risk of failure)
Confirm with . or Enter, or press ? or * to list all spells.
Aiming: Magic Dart (safe; 2% risk of failure)
Press: ? - help, Shift-Dir - straight line, f/p - gnoll
Aim: a gnoll, wielding a +0 whip (moderately wounded, 100% to hit)
The magic dart hits the gnoll but does no damage.
The gnoll is moderately wounded.
The gnoll hits you with a +0 whip. The ogre misses you.
Casting: Magic Dart (safe; 2% risk of failure)
Confirm with . or Enter, or press ? or * to list all spells.
Aiming: Magic Dart (safe; 2% risk of failure)
Press: ? - help, Shift-Dir - straight line, f/p - gnoll
Aim: a gnoll, wielding a +0 whip (moderately wounded, 100% to hit)
The magic dart hits the gnoll.
The gnoll is severely wounded.
The gnoll closely misses you. The ogre misses you.
Casting: Magic Dart (safe; 2% risk of failure)
Confirm with . or Enter, or press ? or * to list all spells.
You don't have enough magic to cast this spell.
Unknown command.
You barely miss the gnoll.
The gnoll is heavily wounded.
The gnoll barely misses you.
You hit the gnoll.
The gnoll is severely wounded.
The gnoll completely misses you.
The ogre hits you with a +0 giant spiked club!
* * * LOW HITPOINT WARNING * * *
You feel better. The gnoll closely misses you. The gnoll barely misses you.
The ogre hits you with a +0 giant spiked club!!
Ouch! That really hurt!
You die...

##### #..# ###.#
#..# #.# #.. #g#
#.. #.# #O# #.# #.#
## #.#
#.########.## #.#
#.......gO#.# #.#
##########@######.#
#...g.##.....#
#.######.##### #.#
#.# #.# #.# #># #.#
#.# #.# #.# #.#
####.######.#


You could see an ogre and 2 gnolls.

Vanquished Creatures
  A hound (D:3)
  A worm (D:2)
  5 ball pythons
  5 bats
  6 endoplasms
  4 giant cockroaches
  6 goblins
  A kobold (D:2)
  A quokka (D:1)
  2 frilled lizards
  2 rats
34 creatures vanquished.

Vanquished Creatures (others)
  A withered plant (D:1)
1 creature vanquished.

Grand Total: 35 creatures vanquished

Notes
Turn   | Place    | Note
-------+----------+-------------------------------------------
     0 | D:1      | Archison the Spriggan Conjurer began the quest for the Orb.
     0 | D:1      | Reached XP level 1. HP: 9/9 MP: 5/5
   148 | D:1      | Found a faded altar of an unknown god.
   481 | D:2      | Reached XP level 2. HP: 13/13 MP: 3/6
   574 | D:2      | Learned a level 2 spell: Searing Ray
  1312 | D:1      | Reached XP level 3. HP: 13/16 MP: 4/8
  1980 | D:3      | Reached XP level 4. HP: 21/21 MP: 2/10
  2056 | D:3      | You fall into a shaft and drop 2 floors!
  2056 | D:5      | Entered Level 5 of the Dungeon
  2198 | D:5      | Found Fuock's Antique Armour Shoppe.
  2207 | D:5      | Noticed a scorpion
  2271 | D:5      | Noticed an ogre
  2292 | D:5      | Demolished by an ogre

Illustrated notes

Levels and vault maps discovered:
D:1:      minmay_arrival_five_plusses, layout_rooms,
          ebering_ecumenical_altar_petrified
D:2:      layout_loops_cross
D:3:      layout_rooms
D:5:      layout_loops_ring, serial_shops, shop
D:6:      layout_cave_pods, lemuel_doored_altar, minmay_temple_entry_overgrown,
          minmay_misc_feat_nine_boxes, nicolae_water_bricks

Skill      XL: |  1  2 |
---------------+-------+-----
Conjurations   | 3 |  3.6
Dodging        | 3 |  3.8
Spellcasting   | 3 |  3.4
Stealth        | |  3.2

Action                   |  1- 3 |  4- 6 || total
-------------------------+-------+-------++-------
Melee: Unarmed           |     2 |       ||     2
       Dagger            |    23 |     9 ||    32
       Punch             |     1 |       ||     1
 Cast: Magic Dart        |    85 |    17 ||   102
       Searing Ray       |     2 |     3 ||     5
  Use: Potion            |       |     2 ||     2
Armor: Robe              |    12 |     2 ||    14
Dodge: Dodged            |    63 |    16 ||    79

Table legend: (Time is in decaauts)
 A = Elapsed time spent in this place.
 B = Non-inter-level travel time spent in this place.
 C = Inter-level travel time spent in this place.
 D = Time resting spent in this place.
 E = Time spent auto-exploring this place.
 F = Levels seen in this place.
 G = Mean time per level.
                   A        B        C        D        E       F      G
               +--------+--------+--------+--------+--------+-----+--------+
         Total |   1772 |   1716 |     56 |    288 |    968 |   5 |  354.4 |
       Dungeon |   1772 |   1716 |     56 |    288 |    968 |   5 |  354.4 |
               +--------+--------+--------+--------+--------+-----+--------+

Top non-repeatable levels by time:
     D:2: 893 daAuts
     D:1: 584 daAuts
     D:5: 149 daAuts
     D:3: 137 daAuts
     D:6: 8 daAuts
